 Dungeon Crawl Stone Soup version 0.29.1-13-g9f3cf754e1 (webtiles) character file.

Game seed: 16083857661329071318

35678 tehphobia the Lord of Darkness (level 13, -14/106 HPs)
             Began as a Demonspawn Necromancer on Feb 2, 2023.
             Was the Champion of Kikubaaqudgha.
             Demolished by an entropy weaver simulacrum (34 damage)
             ... on level 1 of the Lair of Beasts.
             The game lasted 00:43:03 (16026 turns).

tehphobia the Lord of Darkness (DsNe)              Turns: 16026, Time: 00:43:05

Health: -14/106    AC: 32    Str: 13    XL:     13   Next: 48%
Magic:  16/16      EV: 15    Int: 17    God:    Kikubaaqudgha [******]
Gold:   1079       SH:  4    Dex: 14    Spells: 8/16 levels left

rFire   + . .      SeeInvis .   R - +3 halberd "Teedoehu" {flame, rF+}
rCold   . . .      Faith    .   (shield currently unavailable)
rNeg    . . .      Spirit   .   F - +8 ring mail of Roremut {Harm Fly Regen+}
rPois   .          Reflect  .   U - +2 helmet
rElec   .          Harm     +   D - scarf {+Inv}
rCorr   .          Rampage  .   k - +0 pair of gloves
Will    .....                   (no boots)
Stlth   +.........              I - amulet of regeneration
HPRegen 1.87/turn               i - ring of flight
MPRegen 0.15/turn               B - +4 ring of evasion

@: sanguine armoured, flying, studying Throwing
A: powered by death 1, sanguine armour 3, condensation shield, corrupting
presence 1, demonic touch 1
a: Renounce Religion, Evoke Invisibility, Unearth Wretches, Torment, Brand
Weapon With Pain, Receive Forbidden Knowledge


You were on level 1 of the Lair of Beasts.
You worshipped Kikubaaqudgha.
Kikubaaqudgha was exalted by your worship.
You visited 3 branches of the dungeon, and saw 14 of its levels.
You also visited: Sewer.

You collected 1079 gold pieces.

Inventory:

Hand Weapons
 h - a +0 dagger
 q - a +0 whip
 s - a +2 vorpal spear
 R - the +3 halberd "Teedoehu" (weapon) {flame, rF+}
   (You found it on level 10 of the Dungeon)

   It burns those it strikes, dealing additional fire damage.
   Big, fiery blades are also staple armaments of hydra-hunters.
   rF:        It protects you from fire.
Missiles
 e - 2 throwing nets
Armour
 a - a +0 robe
 k - a +0 pair of gloves (worn)
 n - a +2 chain mail
 u - a +0 cloak
 D - a scarf of invisibility (worn)
 F - the +8 ring mail of Roremut (worn) {Harm Fly Regen+}
   (You found it on level 6 of the Dungeon)

   Fly:       It grants you flight.
   Regen:     It increases your rate of health regeneration.
   Harm:      It increases damage dealt and taken.
 U - a +2 helmet (worn)
Jewellery
 i - a ring of flight (left hand)
 o - an amulet of magic regeneration
 y - a ring of poison resistance
 A - an amulet of reflection
 B - a +4 ring of evasion (right hand)
 I - an amulet of regeneration (around neck)
 J - a ring of fire
 Q - a +4 ring of evasion
Wands
 K - a wand of digging (6)
 N - a wand of paralysis (5)
Scrolls
 c - 3 scrolls of immolation
 d - 8 scrolls of teleportation
 l - 3 scrolls of magic mapping
 m - 3 scrolls of butterflies
 x - a scroll of identify
 G - a scroll of enchant weapon
 L - a scroll of enchant armour
 S - a scroll of amnesia
Potions
 b - 5 potions of magic
 f - 2 potions of ambrosia
 g - 3 potions of brilliance
 j - 2 potions of haste
 p - 6 potions of flight
 r - 4 potions of lignification
 t - a potion of curing
 v - 3 potions of resistance
 w - a potion of might
 z - a potion of mutation
 C - 2 potions of attraction
 M - a potion of degeneration
 T - a potion of invisibility


   Skills:
 + Level 11.1 Fighting
 + Level 8.1 Polearms
 + Level 10.2 Armour
 - Level 1.7 Dodging
 - Level 1.7 Stealth
 - Level 2.0 Spellcasting
 * Level 12.5 Necromancy
 * Level 7.4 Ice Magic


You had 8 spell levels left.
You knew the following spells:

 Your Spells              Type           Power      Damage    Failure   Level
a - Necrotise             Necr           100%       1d9       1%          1
b - Vampiric Draining     Necr           44%        2d9       1%          3
c - Animate Dead          Necr           44%        N/A       1%          4

Your spell library contained the following spells:

 Spells                   Type           Power      Damage    Failure   Level
 Sublimation of Blood     Necr           44%        N/A       1%          2
 Dispel Undead            Necr           44%        3d17      1%          4
 Agony                    Necr           44%        N/A       5%          5
 Anguish                  Hex/Necr       11%        N/A       26%         4
 Corpse Rot               Necr/Pois/Air  15%        N/A       52%         4
 Borgnjor's Vile Clutch   Necr/Erth      11%        N/A       58%         5
 Simulacrum               Ice/Necr       17%        N/A       65%         6
 Call Canine Familiar     Summ           1%         N/A       71%         3
 Confusing Touch          Hex            1%         N/A       71%         3
 Ignite Poison            Fire/Tmut/Pois 1%         N/A       71%         3
 Mephitic Cloud           Conj/Pois/Air  1%         N/A       71%         3
 Portal Projectile        Hex/Tloc       2%         N/A       71%         3
 Summon Guardian Golem    Hex/Summ       1%         N/A       71%         3
 Fulminant Prism          Conj/Hex       0%         3d6       98%         4
 Iskenderun's Mystic Bla  Conj/Tloc      1%         2d3       98%         4
 Leda's Liquefaction      Hex/Erth       0%         N/A       98%         4
 Freezing Cloud           Conj/Ice/Air   5%         6-21      98%         5
 Lee's Rapid Deconstruct  Erth           0%         3d5*      100%        5
 Yara's Violent Unravell  Hex/Tmut       0%         3d3       100%        5
 Enfeeble                 Hex            0%         N/A       100%        7
 Haunt                    Necr/Summ      11%        N/A       100%        7
 Orb of Destruction       Conj           0%         9d5       100%        7
 Spellforged Servitor     Conj/Summ      0%         N/A       100%        7
 Infestation              Necr           22%        N/A       100%        8


Dungeon Overview and Level Annotations

Branches:
Dungeon (11/15)            Temple (0/1) D:7            Lair (1/5) D:11
    Orc (2/2) D:9             Elf (0/3) Orc:2         Sewer (visited)

Altars:
Ashenzari
Dithmenos
Fedhas
Gozag
Hepliaklqana
Makhleb
Nemelex Xobeh
Okawaru
Qazlal
Vehumet
Wu Jian
Xom
Yredelemnul

Shops:
D:3 =

Annotations:
Orc:1 6 transporters


Innate Abilities, Weirdness & Mutations

You regenerate a little health from kills.
When seriously injured, your blood forms very thick armour. (AC +12)
A meltable shield of frost defends you. (SH +4)
Your presence sometimes corrodes those you injure.
Your touch may inflict minor irresistible damage on your foes.


Message History

Your blood congeals into armour.
The entropy weaver simulacrum completely misses you.
The entropy weaver simulacrum hits you but does no damage.
You are too injured to fight recklessly!
You feel much better. The ice devil misses you.
The entropy weaver simulacrum hits you but does no damage.
You block the entropy weaver simulacrum's attack.
The entropy weaver simulacrum closely misses you.
The entropy weaver simulacrum misses you.
You hit the ice devil. You burn the ice devil.
The ice devil is severely wounded.
You block the ice devil's attack. The entropy weaver simulacrum hits you.
The entropy weaver simulacrum freezes you!!
The entropy weaver simulacrum hits you but does no damage. x2
The entropy weaver simulacrum closely misses you.
You hit the ice devil. You burn the ice devil.
The ice devil is severely wounded.
The ice devil hits you but does no damage.
The entropy weaver simulacrum hits you.
The entropy weaver simulacrum freezes you!!
* * * LOW HITPOINT WARNING * * *
The entropy weaver simulacrum hits you but does no damage.
The entropy weaver simulacrum misses you.
The entropy weaver simulacrum hits you but does no damage.
You feel much better. The ice devil hits you. The ice devil freezes you!!
* * * LOW HITPOINT WARNING * * *
The entropy weaver simulacrum hits you but does no damage. x3
The entropy weaver simulacrum barely misses you.
You feel much better. The ice devil completely misses you.
The entropy weaver simulacrum closely misses you.
The entropy weaver simulacrum hits you but does no damage. x3
You closely miss the ice devil.
The ice devil is severely wounded.
The ice devil hits you. The ice devil freezes you!
* * * LOW HITPOINT WARNING * * *
The entropy weaver simulacrum hits you.
* * * LOW HITPOINT WARNING * * *
The entropy weaver simulacrum freezes you!!
You die...
Kikubaaqudgha rasps: "You have failed me!
Welcome... death!"

#...## ##....#####.
#...# ####....## ##
##...# #......## #....#
##....## ##..## ##....##
#...## #...### ~ ###
#....#####....# #
~~##†####......Z......##
####
~~..Z†..#......4@......#
##...
~~..#.......#.#.###...##
#....
~~..###..#..#######.###
#>... ~4..# ###...#
#...## #.... ~~..# #...#
##.#.# #..<. ~~###
#...## #...# ##... ~~
##...# #...# #..# ~~
##### ###.## ####
#....##


You could see an ice devil and an entropy weaver simulacrum.

Vanquished Creatures
  A hydra (Lair:1)
  An ice dragon (Lair:1)
  5 two-headed ogres
  Sonja (Lair:1)
  An ugly thing (D:11)
  Maurice (D:8)
  2 cane toads (Lair:1)
  An unseen horror (D:11)
  3 rime drakes (Lair:1)
  A komodo dragon (Lair:1)
  An ice devil (Lair:1)
  3 trolls
  A polar bear (Lair:1)
  Grinder (Sewer)
  Prince Ribbit (D:9)
  11 yaks
  2 shadows (D:9)
  Eustachio (D:4)
  2 basilisks
  Grum (D:8)
  2 steam dragons
  3 fire bats (Orc:1)
  An acid dragon (D:9)
  2 wargs (Orc:1)
  2 water moccasins
  An ice beast (D:6)
  11 orc warriors
  3 black bears
  8 ogres
  7 wolves
  8 centaurs
  2 phantoms
  2 kobold brigands
  9 bullfrogs
  A scorpion (D:6)
  A gnoll sergeant (D:11)
  A troll zombie (D:9)
  14 wights
  13 killer bees
  An electric eel (D:8)
  6 howler monkeys
  A crimson imp (D:9)
  5 hounds
  Crazy Yiuf (D:4)
  14 orc priests
  2 gnoll boudas
  Terence (D:2)
  14 orc wizards
  A wolf simulacrum (Lair:1)
  5 ogre zombies (D:9)
  14 gnolls
  8 adders
  A river rat (D:4)
  A shadow imp (Sewer)
  A white imp (D:7)
  4 ufetubi
  A worm (D:4)
  3 dart slugs
  62 orcs
  5 bats
  2 bat zombies (Sewer)
  11 endoplasms
  7 giant cockroaches
  6 goblins
  10 hobgoblins
  14 jackals
  5 quokkas
  8 ball pythons
  3 frilled lizards
  A giant cockroach zombie (Sewer)
  2 goblin zombies (D:9)
  2 hobgoblin skeletons (D:9)
  A hobgoblin zombie (D:9)
  24 kobolds
  2 kobold zombies (Sewer)
  An orc skeleton (D:9)
  13 orc zombies (D:9)
  4 rats
399 creatures vanquished.

Vanquished Creatures (collateral kills)
  A cyclops (D:11)
  A komodo dragon (D:11)
  A shadow (D:11)
  A wyvern (D:11)
  3 yaks
  An orc warrior (D:11)
  A wolf (Lair:1)
  A bullfrog (Lair:1)
  An orc priest (D:11)
  3 gnolls (D:11)
  3 orcs
  2 goblins
  2 hobgoblins
  2 jackals (D:1)
23 creatures vanquished.

Vanquished Creatures (others)
  A rime drake zombie (Lair:1)
  A wyvern zombie (D:11)
  A warg zombie (Orc:1)
  3 yak zombies
  3 wolf zombies (Lair:1)
  A centaur zombie (D:10)
  A black bear zombie (D:11)
  7 killer bee zombies
  2 ogre zombies (Orc:2)
  15 orc zombies
  2 gnoll zombies (D:7)
  A kobold zombie (D:8)
  3 fungi
  11 plants
52 creatures vanquished.

Grand Total: 474 creatures vanquished

Notes
Turn   | Place    | Note
-------+----------+-------------------------------------------
     0 | D:1      | tehphobia the Demonspawn Necromancer began the quest for
                  | the Orb.
     0 | D:1      | Reached XP level 1. HP: 13/13 MP: 3/3
    26 | D:1      | Found a faded altar of an unknown god.
   136 | D:1      | Gained mutation: A meltable shield of frost defends you.
                  | (SH +4) [demonic ancestry]
   136 | D:1      | Reached XP level 2. HP: 12/20 MP: 0/5
   340 | D:1      | Reached skill level 1 in Fighting
   350 | D:1      | Reached skill level 1 in Armour
   606 | D:1      | Gained mutation: Your touch may inflict minor irresistible
                  | damage on your foes. [demonic ancestry]
   606 | D:1      | Reached XP level 3. HP: 22/26 MP: 0/6
  1672 | D:2      | Noticed Terence
  1680 | D:2      | Killed Terence
  1681 | D:2      | Gained mutation: When seriously injured, your blood forms
                  | armour. (AC +12) [demonic ancestry]
  1681 | D:2      | Reached XP level 4. HP: 31/34 MP: 0/7
  2849 | D:3      | Found a broken altar of Ashenzari.
  3018 | D:3      | Reached skill level 5 in Necromancy
  3181 | D:3      | Found Ilogukh's Jewellery Shop.
  3227 | D:3      | Reached XP level 5. HP: 31/40 MP: 8/8
  3858 | D:4      | Found a glowing drain.
  3862 | Sewer    | Entered a sewer
  4366 | Sewer    | Found an ancient bone altar of Kikubaaqudgha.
  4381 | Sewer    | Reached skill level 1 in Polearms
  4552 | Sewer    | Noticed a phantom
  4570 | Sewer    | Killed a phantom
  4571 | Sewer    | Reached XP level 6. HP: 40/48 MP: 9/9
  4806 | Sewer    | Noticed Grinder
  4808 | Sewer    | Paralysed by Grinder for 3 turns
  4824 | Sewer    | Paralysed by Grinder for 5 turns
  4832 | Sewer    | Killed Grinder
  4833 | Sewer    | Gained mutation: When seriously injured, your blood forms
                  | thick armour. (AC +12) [demonic ancestry]
  4833 | Sewer    | Reached XP level 7. HP: 25/55 MP: 10/10
  5036 | Sewer    | Became a worshipper of Kikubaaqudgha
  5460 | D:4      | Noticed Eustachio
  5485 | D:4      | Killed Eustachio
  5910 | D:4      | Found a runed translucent door.
  5911 | D:4      | Noticed Crazy Yiuf
  6072 | D:4      | Killed Crazy Yiuf
  6073 | D:4      | Reached skill level 5 in Fighting
  6259 | D:5      | Entered Level 5 of the Dungeon
  6326 | D:5      | Reached * piety under Kikubaaqudgha
  6326 | D:5      | Received a gift from Kikubaaqudgha
  6382 | D:5      | Reached skill level 6 in Necromancy
  6387 | D:5      | Reached XP level 8. HP: 19/62 MP: 11/11
  6742 | D:5      | Reached skill level 5 in Armour
  7079 | D:5      | Noticed a troll
  7157 | D:5      | You are sucked into a shaft and drop 1 floor!
  7188 | D:6      | Found a shimmering altar of Xom.
  7756 | D:6      | Reached ** piety under Kikubaaqudgha
  7902 | D:6      | Gained mutation: When seriously injured, your blood forms
                  | very thick armour. (AC +12) [demonic ancestry]
  7902 | D:6      | Reached XP level 9. HP: 44/71 MP: 12/12
  8139 | D:6      | Identified the +8 ring mail of Roremut {Harm Fly Regen+}
  8291 | D:6      | Reached skill level 7 in Necromancy
  8405 | D:6      | Learned a level 3 spell: Vampiric Draining
  8410 | D:6      | Learned a level 4 spell: Animate Dead
  8678 | D:7      | Found a staircase to the Ecumenical Temple.
  8755 | D:7      | Found a shadowy altar of Dithmenos.
  9478 | D:8      | Noticed Maurice
  9478 | D:8      | Paralysed by Maurice for 3 turns
  9497 | D:8      | Paralysed by something for 3 turns
  9509 | D:8      | Killed Maurice
  9639 | D:8      | Reached *** piety under Kikubaaqudgha
  9639 | D:8      | Received a gift from Kikubaaqudgha
  9733 | D:8      | Found a blossoming altar of Fedhas.
  9774 | D:8      | Noticed Grum
  9784 | D:8      | Killed Grum
  9785 | D:8      | Reached XP level 10. HP: 68/82 MP: 6/13
  9812 | D:8      | Reached skill level 8 in Necromancy
  9823 | D:8      | Reached skill level 5 in Polearms
 10026 | D:8      | Found an iron altar of Okawaru.
 10027 | D:8      | Found an opulent altar of Gozag.
 10300 | D:8      | Reached **** piety under Kikubaaqudgha
 10652 | D:9      | Noticed Prince Ribbit
 10667 | D:9      | Killed Prince Ribbit
 10757 | D:9      | Found a staircase to the Orcish Mines.
 10818 | Orc:1    | Entered Level 1 of the Orcish Mines
 10832 | Orc:1    | Reached ***** piety under Kikubaaqudgha
 10955 | Orc:1    | Found a transporter.
 10955 | Orc:1    | Noticed a juggernaut
 10956 | Orc:1    | Found a transporter.
 10956 | Orc:1    | Found a transporter.
 10958 | Orc:1    | Found a sparkling altar of Nemelex Xobeh.
 10958 | Orc:1    | Found a transporter.
 10964 | Orc:1    | Found a transporter.
 11180 | Orc:1    | Found a transporter.
 11251 | Orc:1    | Found a dark tunnel.
 11389 | Orc:2    | Entered Level 2 of the Orcish Mines
 11389 | Orc:2    | Found a staircase to the Elven Halls.
 11557 | Orc:2    | Noticed a deep troll
 11560 | Orc:2    | Noticed a cyclops
 11582 | Orc:1    | Reached skill level 10 in Fighting
 11582 | Orc:1    | Reached XP level 11. HP: 59/90 MP: 4/14
 11666 | Orc:2    | Noticed an orc knight
 12035 | D:9      | Reached skill level 9 in Necromancy
 12059 | D:9      | Noticed a two-headed ogre
 12073 | D:9      | Killed a two-headed ogre
 12074 | D:9      | Reached skill level 1 in Ice Magic
 12204 | D:9      | Found a stormy altar of Qazlal.
 12289 | D:9      | Noticed a two-headed ogre
 12300 | D:9      | Killed a two-headed ogre
 12472 | D:9      | Found a burning altar of Makhleb.
 12512 | D:9      | Found a radiant altar of Vehumet.
 12567 | D:9      | Identified the +3 short sword "Sifit" {vorpal, *Rage rF++}
 12693 | D:10     | Entered Level 10 of the Dungeon
 12886 | D:10     | Found an ornate altar of the Wu Jian Council.
 12891 | D:10     | Found a basalt altar of Yredelemnul.
 13011 | D:10     | Found a hazy altar of Hepliaklqana.
 13082 | D:10     | Noticed a two-headed ogre
 13100 | D:10     | Killed a two-headed ogre
 13450 | D:10     | Noticed a two-headed ogre
 13460 | D:10     | Killed a two-headed ogre
 13461 | D:10     | Reached skill level 10 in Necromancy
 13466 | D:10     | Identified the +3 halberd "Teedoehu" {flame, rF+}
 13727 | D:11     | Found a staircase to the Lair.
 13977 | D:11     | Reached ****** piety under Kikubaaqudgha
 13982 | D:11     | Noticed a two-headed ogre
 14240 | D:11     | Noticed a red ugly thing
 14406 | D:11     | Killed a two-headed ogre
 14407 | D:11     | Gained mutation: You regenerate a little health from kills.
                  | [demonic ancestry]
 14407 | D:11     | Reached XP level 12. HP: 99/99 MP: 11/15
 14719 | Lair:1   | Entered Level 1 of the Lair of Beasts
 14777 | Lair:1   | Noticed Sonja
 14802 | Lair:1   | Killed Sonja
 14803 | Lair:1   | Reached skill level 10 in Armour
 14803 | Lair:1   | Reached skill level 5 in Ice Magic
 15009 | Lair:1   | Noticed a seven-headed hydra
 15151 | Lair:1   | Killed a six-headed hydra
 15152 | Lair:1   | Reached skill level 11 in Necromancy
 15736 | Lair:1   | Noticed an ice dragon
 15845 | D:11     | Reached skill level 12 in Necromancy
 15845 | D:11     | Gained mutation: Your presence sometimes corrodes those you
                  | injure. [demonic ancestry]
 15845 | D:11     | Reached XP level 13. HP: 106/106 MP: 16/16
 16026 | Lair:1   | Demolished by an entropy weaver simulacrum

Illustrated notes

Levels and vault maps discovered:
D:1:      onia_arrival_pentagram, layout_rooms, basic_ecumenical_altar,
          st_stairs_1, minmay_misc_feat_columns, minmay_hexomino_c4
D:2:      layout_basic, uniq_terence
D:3:      layout_basic, cheibrodos_ashenzari_chains, serial_shops,
          nicolae_shop_advertising_works [nicolae_subvault_shop_adworks]
D:4:      layout_basic, gup_sewer_entry_bowl, minmay_surrounded,
          uniq_crazy_yiuf_cottage, uniq_eustachio
D:5:      layout_basic, zin_statuary, corner_web_ring, grunt_ministairs_13
D:6:      minmay_inner_zag, layout_gridville, old_standard_altar
D:7:      layout_basic, grunt_dithmenos_smoke_and_mirrors,
          minmay_temple_entry_mini_moons, hangedman_decor_growths
D:8:      layout_loops_ring, nicolae_overflow_squiral,
          mainiacjoe_overflow_chevrons, enter_bailey_4, uniq_maurice, uniq_grum
D:9:      layout_stronghold, grunt_temple_overflow_lords_of_destruction,
          nicolae_qazlal_scattered_showers, zombieorc1_lemuel,
          corexii_checkpoint_b, uniq_prince_ribbit1
D:10:     layout_roguey, lemuel_tele_altar, grunt_temple_overflow_open,
          kennysheep_generic_room_3
D:11:     layout_loops_ring, david_lair_generic
Lair:1:   dreamdust_isle_of_ice, layout_concentric_octagons,
          chequers_serial_rivers_room_a, serial_bayou_shore_a, uniq_sonja
Orc:1:    layout_caves, nicolae_volcano_entry_batcave, hellmonk_jugg_or_not
Orc:2:    st_orc_open, layout_caves, basic_altar, serial_shops, shop,
          okawaru_metal_pillars_1_2

Skill      XL: |  1  2  3  4  5  6  7  8  9 10 11 12 |
---------------+-------------------------------------+-----
Fighting       | 1 2 3 4 5 6 8 10 11 | 11.1
Armour         | 1 2 3 4 6 7 9 10 | 10.2
Necromancy     | 5 6 7 8 10 12 | 12.5
Polearms       | 1 2 3 4 5 6 8 |  8.1
Ice Magic      | 4 7 |  7.4
Dodging        | |  1.7
Stealth        | |  1.7
Spellcasting   | |  2.0

Action                   |  1- 3 |  4- 6 |  7- 9 | 10-12 | 13-15 || total
-------------------------+-------+-------+-------+-------+-------++-------
Melee: Unarmed           |    17 |       |       |       |       ||    17
       Dagger            |    16 |    27 |       |       |       ||    43
       Touch             |     1 |    28 |    72 |   104 |       ||   205
       Spear             |       |   156 |   474 |   598 |       ||  1228
       Punch             |       |     2 |    10 |     6 |       ||    18
       Halberd           |       |       |       |   148 |    36 ||   184
 Cast: Necrotise         |    73 |    17 |    11 |    77 |       ||   178
       Vampiric Draining |       |       |     6 |    40 |       ||    46
       Animate Dead      |       |       |     2 |    14 |       ||    16
Evoke: Wand              |       |       |       |     4 |       ||     4
  Use: Potion            |       |     1 |     1 |     7 |     3 ||    12
       Scroll            |       |       |    17 |    10 |       ||    27
 Stab: Distracted        |     2 |       |     1 |     4 |       ||     7
       Sleeping          |       |       |     1 |     3 |       ||     4
Armor: Robe              |    12 |     1 |       |       |       ||    13
       Chain mail        |       |   105 |   134 |       |       ||   239
       Ring mail         |       |       |    64 |   357 |    30 ||   451
Dodge: Dodged            |    68 |    47 |   189 |   518 |    36 ||   858
Block: Other             |    16 |    43 |   143 |   135 |     9 ||   346
       Reflection        |       |       |     3 |     1 |       ||     4
